 Dungeon Crawl Stone Soup version 0.16-a0-3354-g045d5c7 (webtiles) character file.

413 Herrn the Skirmisher (level 6, 0/51 HPs)
             Began as a Demonspawn Fighter on Dec 29, 2014.
             Killed by nerve-wracking pain
             ... invoked by an orc priest
              (14 damage)
             ... on level 4 of the Dungeon.
             The game lasted 00:11:19 (3814 turns).

Herrn the Skirmisher (Demonspawn Fighter)           Turns: 3814, Time: 00:11:19

Health: 0/51       AC: 13    Str: 18    XL:     6   Next: 59%
Magic:  15/15      EV:  7    Int: 10    God:
Gold:   157        SH:  0    Dex: 12    Spells: 0 memorised, 5 levels left

rFire  . . .     SeeInvis .     a - +0 war axe
rCold  . . .     Clarity  .     b - +0 scale mail
rNeg   . . .     SustAb   .     c - +0 shield
rPois  .         Gourm    .     e - +0 helmet
rElec  .         Spirit   .     (no cloak)
rCorr  .         Warding  .     B - +2 pair of gloves
rMut   .         Stasis   .     (no boots)
MR     .....                    (no amulet)
Stlth  ..........               (no ring)
                                f - ring of magical power

@: confused, about to teleport, hasted, very quick, not resistant to hostile
enchantments, extremely unstealthy
A: hooves 2, large bone plates 1, rot immunity
a: no special abilities


You were on level 4 of the Dungeon.
You were very hungry.

You visited 2 branches of the dungeon, and saw 5 of its levels.
You also visited: Sewer.

You collected 157 gold pieces.

Inventory:

Hand weapons
 a - a +0 war axe (weapon)
Armour
 b - a +0 scale mail (worn)
 c - a +0 shield (worn)
 e - a +0 helmet (worn)
 l - a +0 pair of boots
 B - a +2 pair of gloves (worn)
Jewellery
 f - a ring of magical power (left hand)
Magical devices
 v - a wand of random effects (29)
Scrolls
 h - a scroll of remove curse
 k - a scroll of blinking {unknown}
 n - 2 scrolls of teleportation
 u - a scroll of noise
 x - a scroll of magic mapping {unknown}
 y - a scroll of enchant armour
Potions
 j - a potion of berserk rage {unknown}
 m - a potion of cancellation
 p - 4 potions of magic {unknown}
 q - 3 potions of heal wounds {unknown}
 r - 3 potions of brilliance {unknown}
 w - 2 potions of restore abilities {unknown}
 z - 3 potions of curing
 A - a potion of flight {unknown}
Comestibles
 d - 4 bread rations
 i - 8 fruits
 s - a beef jerky
 t - 2 meat rations


   Skills:
 * Level 5.0 Fighting
 * Level 4.1 Axes
 + Level 3.6 Armour
 + Level 1.9 Dodging
 - Level 2.6 Shields


You had 5 spell levels left.
You didn't know any spells.

Dungeon Overview and Level Annotations

Branches:
Dungeon (4/15)             Temple (1/1) D:4

Altars:
Ashenzari
Cheibriados
Fedhas
Gozag
Makhleb
Nemelex Xobeh
Okawaru
Qazlal
Sif Muna
Trog
Xom
Yredelemnul
The Shining One


Innate Abilities, Weirdness & Mutations

You have hoof-like feet.
You are partially covered in large bone plates (AC +2, SH +2).
You are immune to rotting.


Message History

The orc hits you but does no damage.
You miss something. You kick something. Something hits you but does no damage.
Space warps horribly around you!
* * * LOW HITPOINT WARNING * * *
The orc hits you but does no damage. Something hits you but does no damage.
You feel strangely unstable.
Unknown command.
Drink which item? (? for menu, Esc to quit)
It was a potion of curing.
You feel better. The orc barely misses you. Something hits you.
Space warps horribly around you!
* * * LOW HITPOINT WARNING * * *
Drink which item? (? for menu, Esc to quit)
You are confused.
You feel invigorated. The orc barely misses you.
Something hits you but does no damage.
You blink.
Drink which item? (? for menu, Esc to quit)
You feel yourself speed up.
The orc priest invokes the aid of Beogh against you.
Pain shoots through your body!
You die...

..## ##[##
... #..# #
#..#
##.####..###
#..#
#....oo...#
#..
#..####o.##.#
#..##..## #
#....# #..#
#@.#
#.....#o##
##.#####o##
##o####
##...# #.###
###


You could see an orc priest and 2 orcs.

Vanquished Creatures
  A giant frog (D:3)
  Ijyb (D:2)
  The ghost of archlich the Vexing, a weakling DsEn (D:3)
  Terence (D:2)
  Robin (D:2)
  3 adders
  11 gnolls (D:2)
  4 giant mites (D:3)
  3 worms
  2 giant geckos
  An ooze (D:3)
  An orc (D:4)
  29 ball pythons
  8 bats
  5 giant cockroaches
  10 hobgoblins
  6 giant newts
  12 goblins
  4 jackals (D:2)
  8 kobolds
  9 rats
121 creatures vanquished.

Notes
Turn   | Place    | Note
--------------------------------------------------------------
     0 | D:1      | Herrn, the Demonspawn Fighter, began the quest for the Orb.
     0 | D:1      | Reached XP level 1. HP: 18/18 MP: 1/1
   179 | D:1      | Gained mutation: You are immune to rotting. [demonic ancestry]
   179 | D:1      | Reached XP level 2. HP: 9/24 MP: 2/2
  1038 | D:2      | Reached XP level 3. HP: 28/30 MP: 3/3
  1044 | D:2      | Reached skill level 4 in Fighting
  1044 | D:2      | Reached skill level 1 in Dodging
  1047 | D:2      | Gained mutation: You are partially covered in large bone plates (AC +2, SH +2). [demonic ancestry]
  1047 | D:2      | Reached XP level 4. HP: 11/37 MP: 4/4
  1322 | D:2      | Noticed Terence
  1337 | D:2      | Killed Terence
  1915 | D:2      | Gained mutation: You have large cloven feet. [demonic ancestry]
  1915 | D:2      | Reached XP level 5. HP: 21/43 MP: 5/5
  2179 | D:2      | Noticed Ijyb
  2181 | D:2      | Noticed Robin
  2204 | D:2      | Killed Ijyb
  2209 | D:2      | Killed Robin
  2776 | D:3      | Noticed archlich's ghost (weakling DsEn)
  2778 | D:3      | Found a burning altar of Makhleb.
  2798 | D:3      | Killed archlich's ghost
  2843 | D:3      | Gained mutation: You have hoof-like feet. [demonic ancestry]
  2843 | D:3      | Reached XP level 6. HP: 49/49 MP: 6/6
  2958 | D:3      | Found a glowing drain.
  2989 | Sewer    | Entered a sewer
  3681 | D:4      | Reached skill level 5 in Fighting
  3728 | D:4      | Found a staircase to the Ecumenical Temple.
  3733 | Temple   | Entered the Ecumenical Temple
  3814 | D:4      | Killed from afar by an orc priest

Action                   |  1- 3 |  4- 6 || total
-------------------------+-------+-------++-------
Melee: War axe           |    85 |   290 ||   375
  Use: Potion            |     1 |     5 ||     6
       Scroll            |       |     7 ||     7
  Eat: Chunk             |       |     9 ||     9
